 Dungeon Crawl Stone Soup version 0.29.0-11-gd7f09526c8 (webtiles) character file.

Game seed: 10536441189544593292

1080 DoubleLucky the Summoner (level 8, -4/41 HPs)
             Began as a Tengu Summoner on Sept 3, 2022.
             Engulfed by a steam dragon's steam (8 damage)
             ... on level 6 of the Dungeon.
             The game lasted 00:22:07 (5587 turns).

DoubleLucky the Summoner (Tengu Summoner)           Turns: 5587, Time: 00:22:08

Health: -4/41      AC:  3    Str: 10    XL:     8   Next: 29%
Magic:  7/16       EV: 15    Int: 15    God:
Gold:   171        SH:  0    Dex: 16    Spells: 11/17 levels left

rFire   . . .      SeeInvis +   x - +7 hand axe of Wu Jian, Chewing {flame, rN+}
rCold   . . .      Faith    .   (no shield)
rNeg    + . .      Spirit   .   a - +0 robe
rPois   +          Reflect  .   (helmet restricted)
rElec   .          Harm     .   p - +0 cloak
rCorr   .          Rampage  .   (no gloves)
Will    .....                   (boots unavailable)
Stlth   ++........              r - amulet of the acrobat
HPRegen 0.13/turn               s - ring of see invisible
MPRegen 0.15/turn               v - ring of poison resistance

@: flying quickly and evasively, quick
A: beak, talons 3, nimble flight
a: no special abilities


You were on level 6 of the Dungeon.
You visited 1 branch of the dungeon, and saw 6 of its levels.

You collected 171 gold pieces.

Inventory:

Hand Weapons
 d - a +0 dagger
 x - the +7 hand axe of Wu Jian, Chewing (weapon) {flame, rN+}
   (You found it on level 4 of the Dungeon)

   It burns those it strikes, dealing additional fire damage.
   Big, fiery blades are also staple armaments of hydra-hunters.
   rN:        It protects you from negative energy.
 y - a +0 spear
 G - a +1 scythe of flaming
Armour
 a - a +0 robe (worn)
 l - a +0 leather armour
 p - a +0 cloak (worn)
Jewellery
 r - an amulet of the acrobat (around neck)
 s - a ring of see invisible (left hand)
 v - a ring of poison resistance (right hand)
Wands
 w - a wand of light (5)
 E - a wand of mindburst (20)
Scrolls
 e - 3 scrolls of noise {unknown}
 f - 2 scrolls of vulnerability {unknown}
 h - 6 scrolls of teleportation {unknown}
 i - a scroll of torment {unknown}
 j - 4 scrolls of immolation {unknown}
 m - 2 scrolls of amnesia {unknown}
 n - 8 scrolls of identify {unknown}
 t - a scroll of enchant weapon {unknown}
 u - a scroll of summoning {unknown}
 B - a scroll of fear {unknown}
 D - a scroll of magic mapping {unknown}
 F - a scroll of poison {unknown}
Potions
 b - 2 potions of magic
 c - 2 potions of brilliance {unknown}
 g - 3 potions of flight {unknown}
 k - 2 potions of might {unknown}
 o - 4 potions of curing {unknown}
 q - a potion of berserk rage {unknown}
 z - 3 potions of cancellation {unknown}
 A - a potion of degeneration {unknown}
 C - a potion of heal wounds {unknown}


   Skills:
 - Level 6.0 Axes
 - Level 2.1 Dodging
 - Level 2.0 Stealth
 - Level 5.0 Spellcasting
 - Level 8.0 Summonings
 + Level 2.5 Air Magic


You had 11 spell levels left.
You knew the following spells:

 Your Spells              Type           Power      Damage    Failure   Level
a - Summon Small Mammal   Summ           100%       N/A       1%          1
b - Call Imp              Summ           27%        N/A       1%          2
c - Call Canine Familiar  Summ           27%        N/A       1%          3

Your spell library contained the following spells:

 Spells                   Type           Power      Damage    Failure   Level
 Summon Guardian Golem    Hex/Summ       15%        N/A       10%         3
 Summon Lightning Spire   Summ/Air       19%        N/A       19%         4
 Animate Armour           Summ/Erth      30%        N/A       30%         4
 Stone Arrow              Conj/Erth      6%         3d7       43%         3
 Lehudib's Crystal Spear  Conj/Erth      1%         10d2      100%        8


Dungeon Overview and Level Annotations

Branches:
Dungeon (6/15)
 Temple: D:4-7

Altars:
Okawaru
Qazlal
Xom
Yredelemnul

Annotations:
D:6 Edmund


Innate Abilities, Weirdness & Mutations

You have a beak for a mouth.
You have claws for feet.
Your magical nature lets you fly swiftly and evasively.


Message History

Your kick misses the steam dragon.
The steam dragon is moderately wounded.
Your bat completely misses the steam dragon.
The steam dragon bites you.
The steam dragon claws you but does no damage.
Your hound is engulfed in a cloud of scalding steam.
Your hound bites the steam dragon.
You closely miss the steam dragon.
You peck the steam dragon, but do no damage.
The steam dragon is moderately wounded.
You are engulfed in a cloud of scalding steam.
Your bat is engulfed in a cloud of scalding steam.
Your bat dies!
Your bat's corpse disappears in a puff of smoke!
Your hound barely misses the steam dragon.
The steam dragon bites you but does no damage.
The steam dragon barely misses you.
You barely miss the steam dragon. Your peck misses the steam dragon.
The steam dragon is moderately wounded.
Your hound bites the steam dragon but does no damage.
The steam dragon breathes steam at you. The ball of steam hits you!
* * * LOW HITPOINT WARNING * * *
Your hound bites the steam dragon.
Your hound bites the steam dragon.
The steam dragon bites your hound.
The steam dragon closely misses your hound.
You hit the steam dragon. You burn the steam dragon.
Your kick misses the steam dragon. Your peck misses the steam dragon.
The steam dragon is almost dead.
Your hound is engulfed in a cloud of scalding steam.
Your hound bites the steam dragon but does no damage.
The steam dragon bites you but does no damage.
The steam dragon closely misses you.
Your crimson imp blinks!
Your hound is engulfed in a cloud of scalding steam.
Your hound bites the steam dragon but does no damage.
You completely miss the steam dragon. Your kick misses the steam dragon.
The steam dragon is almost dead.
You are engulfed in a cloud of scalding steam.
You die...

..##.#...# #.###..)....#
.....#...# #.#...........
##...#.... #.#............
.#...#[#... #.#.............
.#...########.#.............
.#........[....§§..######
.'.....#....#...§.§#
'#.....+....#..5§h.#
.......#.##.#..§@D.#
..##'###.##.####'#.......
..#<.#...#....#..+.......
..#..'...#....#..#.......
..#..###########.#.......
###### #.###....# ... ....#
... ....# ...


You could see a steam dragon (ally target), a friendly hound (summoned) and a
friendly crimson imp (summoned).

Vanquished Creatures
  A water moccasin (D:5)
  A necrophage (D:4)
  A scorpion (D:5)
  An iguana (D:5)
  An adder (D:2)
  2 orcs (D:6)
  An endoplasm (D:4)
  2 giant cockroaches
  3 jackals (D:2)
  2 kobolds
  A quokka (D:3)
  2 ball pythons
  A frilled lizard (D:1)
  2 rats (D:1)
21 creatures vanquished.

Vanquished Creatures (collateral kills)
  Sigmund (D:6)
  An ogre (D:4)
  2 phantoms (D:5)
  2 scorpions
  2 howler monkeys
  2 jellies
  3 iguanas
  3 adders
  A worm (D:2)
  2 dart slugs
  3 orcs
  2 bats
  8 endoplasms
  A giant cockroach (D:2)
  4 goblins
  5 hobgoblins
  A jackal (D:2)
  6 kobolds
  2 ball pythons
  7 frilled lizards
  5 rats
  A spectral orc (D:3)
64 creatures vanquished.

Grand Total: 85 creatures vanquished

Notes
Turn   | Place    | Note
-------+----------+-------------------------------------------
     0 | D:1      | DoubleLucky the Tengu Summoner began the quest for the Orb.
     0 | D:1      | Reached XP level 1. HP: 10/10 MP: 4/4
   186 | D:1      | Reached XP level 2. HP: 15/15 MP: 2/6
   757 | D:1      | Learned a level 2 spell: Call Imp
   976 | D:1      | Reached XP level 3. HP: 19/19 MP: 4/8
  1676 | D:2      | Found a faded altar of an unknown god.
  1770 | D:2      | Reached XP level 4. HP: 24/24 MP: 6/10
  2643 | D:3      | Found a basalt altar of Yredelemnul.
  2946 | D:3      | Found a faded altar of an unknown god.
  2950 | D:3      | Found an iron altar of Okawaru.
  3166 | D:4      | Noticed an ogre
  3174 | D:4      | Killed an ogre
  3175 | D:4      | Reached skill level 5 in Spellcasting
  3175 | D:4      | Reached skill level 5 in Summonings
  3175 | D:4      | Gained mutation: Your magical nature lets you fly swiftly
                  | and evasively. [Tengu growth]
  3175 | D:4      | Reached XP level 5. HP: 28/28 MP: 9/13
  3245 | D:4      | Found a stormy altar of Qazlal.
  3311 | D:4      | Reached skill level 6 in Summonings
  3311 | D:4      | Reached XP level 6. HP: 30/32 MP: 14/14
  3315 | D:4      | Learned a level 3 spell: Call Canine Familiar
  3540 | D:4      | Found a shimmering altar of Xom.
  3780 | D:4      | Reached skill level 7 in Summonings
  3794 | D:4      | Identified the +7 hand axe of Wu Jian, Chewing {flame, rN+}
  3983 | D:5      | Entered Level 5 of the Dungeon
  4008 | D:5      | Reached XP level 7. HP: 32/36 MP: 8/15
  4022 | D:5      | Reached skill level 8 in Summonings
  4022 | D:5      | Reached skill level 1 in Axes
  4564 | D:5      | Reached skill level 5 in Axes
  4564 | D:5      | Reached XP level 8. HP: 37/41 MP: 12/16
  5343 | D:6      | Noticed Sigmund
  5347 | D:6      | Noticed Edmund
  5511 | D:6      | Killed Sigmund
  5587 | D:6      | Engulfed by a steam dragon's steam

Illustrated notes

Levels and vault maps discovered:
D:1:      eino_arrival_cavern_d, layout_loops_ring
D:2:      layout_basic, serial_glass, glass_columns_a, glass_columns_c,
          dreamdust_ecumenical_altar_statues
D:3:      layout_basic, yredelemnul_forgotten_temple_becter,
          nicolae_overflow_ecumenical_swirl, hangedman_abyss_or_decor_stabs
D:4:      layout_rooms, xom_teletrap_fun, general_overflow_altar,
          minmay_misc_feat_tiny
D:5:      layout_basic
D:6:      layout_gridville, sigmund_edmund_badplayer

Skill      XL: |  1  2  3  4  5  6  7  8 |
---------------+-------------------------+-----
Spellcasting   | 3 5 |  5.0
Summonings     | 5 6 7 8 |  8.0
Axes           | 5 6 |  6.0
Air Magic      | 2 |  2.5
Dodging        | |  2.1
Stealth        | |  2.0

Action                   |  1- 3 |  4- 6 |  7- 9 || total
-------------------------+-------+-------+-------++-------
Melee: Dagger            |    35 |    28 |       ||    63
       Kick              |    10 |    10 |     3 ||    23
       Peck              |     3 |     5 |     1 ||     9
       Hand axe          |       |     4 |    14 ||    18
 Cast: Summon Small Mamm |    48 |    30 |    26 ||   104
       Call Imp          |    11 |    14 |    11 ||    36
       Call Canine Famil |       |     7 |    10 ||    17
 Stab: Sleeping          |     1 |       |     2 ||     3
Armor: Robe              |     5 |     4 |     3 ||    12
Dodge: Dodged            |    26 |    19 |     6 ||    51
